 Dungeon Crawl Stone Soup version 0.28.0 (webtiles) character file.

Game seed: 3519156738356178737

11971 trckry the Destroyer (level 11, -17/81 HPs)
             Began as a Grey Draconian Conjurer on Feb 8, 2022.
             Was a High Priest of Lugonu.
             Demolished by a boulder beetle (24 damage)
             ... on level 9 of the Dungeon.
             The game lasted 01:01:56 (14446 turns).

trckry the Destroyer (Grey Draconian Conjurer)     Turns: 14446, Time: 01:01:56

Health: -17/81     AC: 18    Str:  9    XL:     11   Next: 56%
Magic:  0/23       EV: 12    Int: 23    God:    Lugonu [*****.]
Gold:   458        SH:  0    Dex: 10    Spells: 16/26 levels left

rFire   . . .      SeeInvis .   a - +0 quarterstaff
rCold   . . .      Faith    .   (shield currently unavailable)
rNeg    . . .      Spirit   .   (armour unavailable)
rPois   .          Reflect  .   (helmet restricted)
rElec   .          Harm     .   (no cloak)
rCorr   .          Rampage  .   m - +0 pair of gloves
Will    .....                   y - +0 pair of boots
Stlth   ++........              d - amulet of regeneration
HPRegen 1.03/turn               F - ring of wizardry
MPRegen 0.18/turn               o - +4 ring of protection

@: no status effects
A: AC +12, amphibious, unfitting armour, cold-blooded
a: Renounce Religion, Depart the Abyss, Bend Space, Banish, Corrupt, Enter the
Abyss


You were on level 9 of the Dungeon.
You worshipped Lugonu.
Lugonu was extremely pleased with you.
You visited 2 branches of the dungeon, and saw 10 of its levels.
You also visited: Bailey.

You collected 458 gold pieces.

Inventory:

Hand Weapons
 a - a +0 quarterstaff (weapon)
 G - a +1 dagger of venom
Missiles
 g - 292 stones (quivered)
 l - 19 poisoned darts
 B - a throwing net
Armour
 m - a +0 pair of gloves (worn)
 y - a +0 pair of boots (worn)
Magical Staves
 b - a staff of conjuration
 v - a staff of earth
Jewellery
 d - an amulet of regeneration (around neck)
 e - a ring of protection from cold
 o - a +4 ring of protection (right hand)
 p - a +6 ring of dexterity
 D - a ring of ice
 F - a ring of wizardry (left hand)
Wands
 s - a wand of acid (7)
 M - a wand of flame (14)
Scrolls
 c - a scroll of fear {unknown}
 f - 2 scrolls of amnesia {unknown}
 h - a scroll of brand weapon {unknown}
 i - 10 scrolls of identify {unknown}
 n - a scroll of magic mapping {unknown}
 q - 2 scrolls of acquirement
 t - a scroll of silence {unknown}
 w - a scroll of noise {unknown}
 H - a scroll of vulnerability {unknown}
 I - 2 scrolls of teleportation {unknown}
 J - a scroll of fog {unknown}
 K - 2 scrolls of enchant weapon
 L - a scroll of torment {unknown}
 N - a scroll of blinking
Potions
 j - 2 potions of attraction {unknown}
 k - 3 potions of heal wounds {unknown}
 r - 2 potions of flight {unknown}
 u - 2 potions of mutation {unknown}
 z - a potion of degeneration {unknown}
 A - 4 potions of curing {unknown}
 C - a potion of brilliance {unknown}
 E - 2 potions of berserk rage {unknown}
 O - a potion of lignification {unknown}


   Skills:
 + Level 2.8 Fighting
 + Level 2.4 Staves
 + Level 3.3 Dodging
 - Level 2.0 Stealth
 * Level 8.3 Spellcasting
 - Level 12.0 Conjurations
 * Level 11.7 Invocations


You had 16 spell levels left.
You knew the following spells:

 Your Spells              Type           Power      Damage    Failure   Level
a - Magic Dart            Conj           100%       1d8       1%          1
b - Searing Ray           Conj           100%       2d8       1%          2
c - Dazzling Flash        Conj/Hex       74%        N/A       1%          3
d - Iskenderun's Mystic   Conj/Tloc      37%        2d9       2%          4

Your spell library contained the following spells:

 Spells                   Type           Power      Damage    Failure   Level
 Fulminant Prism          Conj/Hex       18%        3d11      2%          4


Dungeon Overview and Level Annotations

Branches:
Dungeon (9/15)             Temple (1/1) D:6            Lair (0/6) D:9
 Bailey (visited)
    Orc: D:9-12

Altars:
Ashenzari
Cheibriados
Dithmenos
Elyvilon
Fedhas
Gozag
Hepliaklqana
Kikubaaqudgha
Makhleb
Nemelex Xobeh
Okawaru
Ru
Sif Muna
Trog
Uskayaw
Vehumet
Wu Jian
Xom
Yredelemnul
Zin
The Shining One
Lugonu

Portals:
Abyss: D:5

Annotations:
D:5 2 transporters, Kikato's ghost, novice TeBr


Innate Abilities, Weirdness & Mutations

Your dull iron-grey scales are very hard. (AC +12)
You are amphibious.
You cannot fit into any form of body armour.
You are cold-blooded and may be slowed by cold attacks.


Message History

The manticore is severely wounded.
The boulder beetle leaps!
The manticore bites you but does no damage.
The manticore closely misses you. The manticore barely misses you.
You closely miss the manticore.
Your tail-slap misses the manticore.
The manticore is severely wounded.
The manticore bites you! The manticore closely misses you.
The manticore claws you.
You barely miss the manticore.
The manticore is severely wounded.
You thump the manticore!
The manticore is severely wounded.
You carefully extract the barbed spikes from your body.
The manticore barely misses you. x3
You hit the manticore.
The manticore is almost dead.
The manticore bites you! The manticore claws you.
The manticore completely misses you.
Casting: Searing Ray (safe; 1% risk of failure)
Confirm with . or Enter, or press ? or * to list all spells.
Casting: Dazzling Flash (safe; 1% risk of failure)
Press: ? - help, Dir - look around, f - activate The boulder beetle curls into a ball and begins rolling!
The manticore bites you but does no damage.
The manticore misses you.
The manticore claws you but does no damage.
Space bends sharply around you!
You kill the manticore!
Lugonu accepts your kill.
You blink.
The boulder beetle hits you!!
* * * LOW HITPOINT WARNING * * *
The boulder beetle stops rolling and uncurls.
Okay, then.
The boulder beetle curls into a ball and begins rolling!
Okay, then.
Okay, then.
Space bends sharply around you!
You blink.
The boulder beetle hits you!!
You die...

#################################
.#.#####.######.#...#.###.[#....#
...##..#.#..##...#.#...#.#.###.#.
..###....#..###.#.#.#.##.)#...#..
...#####.#.###.#.[...#(#.#.....##
....))).....§.°.#.#.#..(.#..#..#.
[#####.#.#####○#.....#.###.BH..#.
...##.)#... ##B#.#.#.##..#...#..
...##..#.#..##..@#.#...#.#.###.#.
.#.#####.######.#...#.###....#..#
############# ######### ####.####
##.##.#.#.#.## ###.......
'..#.........# #.......#.
##)##.#.#.#.## #.....###
+..#.........# #.###.#
##..#.#.#.#.## ..# #.#
+..#.........# .c## ###


You could see a boulder beetle (rolling).

Vanquished Creatures
  A centaur warrior (D:9)
  3 orc knights (Bailey)
  Pikel (D:5)
  A manticore (D:9)
  Maggie (D:7)
  3 kobold demonologists
  A troll (D:9)
  Sigmund (D:6)
  A wraith (D:9)
  A yak (D:9)
  A steam dragon (D:8)
  An acid dragon (D:9)
  Menkaure (D:7)
  4 water moccasins
  2 black bears
  A hornet zombie (D:7)
  20 orc warriors
  A sky beast (D:6)
  7 ogres
  3 necrophages
  2 phantoms
  6 centaurs
  2 lemures (D:5)
  3 kobold brigands
  2 bullfrogs
  6 gnoll sergeants
  A scorpion (D:6)
  A wight (D:7)
  4 killer bees (D:7)
  4 howler monkeys
  3 electric eels
  4 hounds
  3 centaur zombies
  A bullfrog zombie (D:5)
  A centaur skeleton (D:7)
  A jelly (D:5)
  2 orc priests (D:9)
  A bullfrog skeleton (D:6)
  6 gnoll shamans
  4 iguanas
  An iron imp (D:9)
  Jessica (D:3)
  19 orc wizards
  A killer bee zombie (D:6)
  A hound skeleton (D:5)
  A howler monkey zombie (D:9)
  36 gnolls
  A howler monkey skeleton (D:5)
  8 adders
  A shadow imp (D:6)
  4 white imps
  An adder skeleton (D:4)
  3 worms
  2 dart slugs
  34 orcs
  6 bats
  7 endoplasms
  4 giant cockroaches
  10 goblins
  10 hobgoblins
  A jackal (D:2)
  3 quokkas
  8 ball pythons
  6 frilled lizards
  7 kobolds
  2 rats (D:2)
290 creatures vanquished.

Vanquished Creatures (others)
  A water moccasin skeleton (D:4)
  A centaur zombie (D:4)
  An orc (D:8)
  A quokka (D:8)
  4 fungi (D:8)
  7 plants (D:8)
15 creatures vanquished.

Grand Total: 305 creatures vanquished

Notes
Turn   | Place    | Note
-------+----------+-------------------------------------------
     0 | D:1      | trckry the Draconian Conjurer began the quest for the Orb.
     0 | D:1      | Reached XP level 1. HP: 14/14 MP: 3/3
   308 | D:1      | Reached XP level 2. HP: 20/20 MP: 0/5
   311 | D:1      | Learned a level 2 spell: Searing Ray
   913 | D:1      | Found a faded altar of an unknown god.
   919 | D:1      | Prayed at the altar of an unknown god.
   919 | D:1      | Became a worshipper of Lugonu the Unformed
   919 | D:1      | Reached * piety under Lugonu
   919 | D:1      | Reached ** piety under Lugonu
  1181 | D:2      | Reached XP level 3. HP: 26/26 MP: 0/6
  1548 | D:2      | Reached skill level 5 in Conjurations
  1653 | D:2      | Reached XP level 4. HP: 33/33 MP: 6/8
  1990 | D:3      | Reached *** piety under Lugonu
  2384 | D:3      | Found an iron altar of Okawaru.
  2407 | D:3      | Noticed Jessica
  2411 | D:3      | Killed Jessica
  2692 | D:3      | Reached XP level 5. HP: 38/38 MP: 3/9
  3232 | D:4      | Noticed a black bear
  3241 | D:3      | Killed a black bear
  3242 | D:3      | Reached skill level 6 in Conjurations
  3459 | D:4      | Noticed an ogre
  3471 | D:4      | Killed an ogre
  3472 | D:4      | Reached skill level 1 in Invocations
  3472 | D:4      | Reached XP level 6. HP: 34/45 MP: 3/11
  3907 | D:4      | Found a radiant altar of Vehumet.
  4341 | D:4      | Your scales start taking on a dull iron-grey colour.
  4341 | D:4      | Reached XP level 7. HP: 48/50 MP: 3/13
  4584 | D:5      | Entered Level 5 of the Dungeon
  4591 | D:4      | Learned a level 3 spell: Dazzling Flash
  4612 | D:5      | Found a one-way gate to the infinite horrors of the Abyss.
  4612 | D:5      | Noticed Kikato's ghost (novice TeBr)
  4635 | D:5      | Found a transporter.
  4667 | D:5      | Reached skill level 7 in Conjurations
  4848 | D:5      | Found a transporter.
  4881 | D:5      | Found a burning altar of Makhleb.
  5065 | D:5      | Noticed Pikel
  5102 | D:4      | Reached XP level 8. HP: 57/57 MP: 4/14
  5188 | D:5      | Reached skill level 5 in Invocations
  5400 | D:5      | Reached skill level 8 in Conjurations
  6106 | D:5      | Killed Pikel
  6107 | D:5      | Reached skill level 5 in Spellcasting
  6407 | D:6      | Learned a level 4 spell: Iskenderun's Mystic Blast
  6452 | D:6      | Found a staircase to the Ecumenical Temple.
  6472 | D:6      | Reached skill level 9 in Conjurations
  6473 | D:6      | Reached XP level 9. HP: 62/62 MP: 8/17
  6723 | D:6      | Reached **** piety under Lugonu
  7530 | D:6      | Found a shadowy altar of Dithmenos.
  7574 | D:6      | Noticed Sigmund
  7603 | D:6      | Killed Sigmund
  7777 | D:7      | Reached skill level 10 in Conjurations
  8048 | D:7      | Noticed Maggie
  8163 | D:7      | Found a flagged portal.
  8241 | Bailey   | Entered a bailey
  8358 | Bailey   | Noticed a kobold demonologist
  8363 | Bailey   | Noticed an orc knight
  8365 | Bailey   | Noticed an orange demon
  8366 | Bailey   | Killed a kobold demonologist
  8380 | Bailey   | Noticed an orc knight
  8467 | Bailey   | Noticed an orc knight
  8493 | Bailey   | Reached XP level 10. HP: 69/69 MP: 6/19
  8571 | Bailey   | Killed an orc knight
  8887 | Bailey   | Killed an orc knight
  9157 | Bailey   | Reached skill level 11 in Conjurations
  9612 | Bailey   | Reached skill level 10 in Invocations
  9774 | Bailey   | Noticed an orc knight
  9903 | Bailey   | Killed an orc knight
 10034 | Bailey   | Found an iron altar of Okawaru.
 10370 | D:7      | Killed Maggie
 10370 | D:7      | Reached ***** piety under Lugonu
 10804 | D:7      | Noticed Menkaure
 10809 | D:7      | Killed Menkaure
 11333 | Temple   | Entered the Ecumenical Temple
 11575 | D:8      | Found a sparkling altar of Nemelex Xobeh.
 12073 | D:8      | Reached XP level 11. HP: 70/75 MP: 4/22
 12210 | D:8      | Found a white marble altar of Elyvilon.
 12486 | D:8      | Reached skill level 1 in Fighting
 12702 | D:8      | Reached skill level 1 in Staves
 12860 | D:8      | Reached skill level 12 in Conjurations
 13315 | D:9      | Found a shimmering blue altar of Sif Muna.
 13449 | D:9      | Found a staircase to the Lair.
 13739 | D:9      | Found a snail-covered altar of Cheibriados.
 14354 | D:9      | Noticed a centaur warrior
 14355 | D:9      | Noticed a skeletal warrior
 14383 | D:9      | Killed a centaur warrior
 14419 | D:9      | Noticed a boulder beetle
 14440 | D:9      | HP: 3/81 [boulder beetle (24)]
 14446 | D:9      | Demolished by a boulder beetle

Illustrated notes

Levels and vault maps discovered:
D:1:      onia_arrival_pyramid, layout_loops_corners, basic_ecumenical_altar,
          minivault_24, kennysheep_boxes
D:2:      layout_rooms, minmay_pentomino_r4
D:3:      layout_loops_ring, lemuel_round_altar, grunt_ministairs_4,
          roderic_serpentine_path, uniq_jessica
D:4:      layout_rooms, fiery_altar_vehumet
D:5:      layout_cave_pools, makhleb_heckhound_becter,
          gammafunk_ghost_abyssal_escape, supply_closet_lemuel, uniq_pikel
D:6:      layout_rooms, kennysheep_mini, minmay_temple_entry_junction,
          uniq_sigmund
D:7:      layout_rooms, lightli_bailey_entry_fortress,
          kennysheep_opposing_triangles, uniq_menkaure, uniq_maggie
D:8:      kennysheep_seaside_town, layout_basic, mainiacjoe_overflow_24_doors,
          elyvilon_altar_4, mrwooster_statue_mirror
D:9:      minmay_the_grid_4x2 [minmay_the_grid_spin_star,
          minmay_the_grid_diamond_grid, minmay_the_grid_rooms,
          minmay_the_grid_zigzag_pyramid, minmay_the_grid_minigrid_small_alt,
          minmay_the_grid_tree, minmay_the_grid_spikes,
          minmay_the_grid_prize_big_room], layout_loops_ring, slow_altar_1,
          mainiacjoe_overflow_alcove_1, lair_entry_dummy
Temple:   cyrus_circular_temple

Skill      XL: |  1  2  3  4  5  6  7  8  9 10 11 |
---------------+----------------------------------+-----
Stealth        | 2 |  2.0
Dodging        | 2 3 |  3.3
Conjurations   | 5 6 7 9 10 11 12 | 12.0
Spellcasting   | 3 4 5 6 7 8 |  8.3
Invocations    | 1 2 4 6 9 10 11 | 11.7
Fighting       | 2 |  2.8
Staves         | 2 |  2.4

Action                   |  1- 3 |  4- 6 |  7- 9 | 10-12 || total
-------------------------+-------+-------+-------+-------++-------
Melee: Quarterstaff      |       |       |     9 |    81 ||    90
       Tailslap          |       |       |     3 |    12 ||    15
       Staff             |       |       |       |     4 ||     4
       Dagger            |       |       |       |     2 ||     2
 Fire: Hunting sling     |    93 |   100 |    45 |       ||   238
Throw: Dart              |       |       |     7 |    17 ||    24
 Cast: Magic Dart        |    19 |    35 |    70 |    90 ||   214
       Searing Ray       |     4 |    19 |    67 |   130 ||   220
       Iskenderun's Myst |       |       |     1 |     6 ||     7
       Dazzling Flash    |       |       |     1 |     6 ||     7
Invok: Bend Space        |       |       |       |     2 ||     2
Evoke: Wand              |       |       |       |     3 ||     3
Armor: Skin              |    11 |    39 |    94 |   192 ||   336
Dodge: Dodged            |    18 |    54 |    99 |   172 ||   343
